 Dungeon Crawl Stone Soup version 0.26.1-2-gb8aa6d0cf2 (webtiles) character file.

Game seed: 7302795947295876348

2 Riddle the Covert (level 1, -2/23 HPs)
             Began as a Gnoll Delver on Mar 16, 2021.
             Slain by a bullfrog (5 damage)
             ... on level 6 of the Dungeon.
             The game lasted 00:02:57 (459 turns).

Riddle the Covert (Gnoll Delver)                     Turns: 459, Time: 00:02:58

Health: -2/23      AC: 12    Str: 16    XL:     1   Next: 40%
Magic:  1/1        EV:  6    Int: 12    God:
Gold:   48         SH:  0    Dex: 16    Spells: 0/0 levels left

rFire    . . .     SeeInvis .   k - +1 hand axe "Kedghemi" {venom, Str+2}
rCold    . . .     Faith    .   (no shield)
rNeg     . . .     Spirit   .   n - +2 plate armour {Will+}
rPois    .         Reflect  .   (no helmet)
rElec    .         Harm     .   (no cloak)
rCorr    .         Rampage  .   (no gloves)
Will     +....                  (no boots)
Stlth    ..........             j - amulet of magic regeneration
HPRegen  0.07/turn              (no ring)
MPRegen  0.32/turn              (no ring)

@: no status effects
A: distributed training, fangs 1, strong nose
a: no special abilities


You were on level 6 of the Dungeon.
You visited 1 branch of the dungeon, and saw 2 of its levels.

You collected 48 gold pieces.

Inventory:

Hand Weapons
 a - a +0 falchion
 k - the +1 hand axe "Kedghemi" (weapon) {venom, Str+2}
   (You found it on level 5 of the Dungeon)

   It poisons the flesh of those it strikes.
   It affects your strength (+2).
Missiles
 i - 40 stones (quivered)
Armour
 b - a +0 leather armour
 n - a +2 plate armour of willpower (worn)
Jewellery
 j - an amulet of magic regeneration (around neck)
Wands
 g - a wand of digging (3)
Scrolls
 c - a scroll of fog
 d - a scroll of magic mapping
 e - a scroll of fear
 h - a scroll of random uselessness {unknown}
 l - a scroll of teleportation {unknown}
Potions
 f - a potion of haste
 m - a potion of flight {unknown}


   Skills:
 + Level 6.4 Fighting
 + Level 0.0 Short Blades
 + Level 4.4 Long Blades
 + Level 0.0 Axes
 + Level 0.0 Maces & Flails
 + Level 0.0 Polearms
 + Level 0.0 Staves
 + Level 0.0 Slings
 + Level 0.0 Bows
 + Level 0.0 Crossbows
 + Level 0.0 Throwing
 + Level 0.0 Armour
 + Level 4.4 Dodging
 + Level 9.5 Stealth
 + Level 0.0 Shields
 + Level 0.0 Unarmed Combat
 + Level 0.0 Spellcasting
 + Level 0.0 Conjurations
 + Level 0.0 Hexes
 + Level 0.0 Summonings
 + Level 0.0 Necromancy
 + Level 0.0 Translocations
 + Level 0.0 Transmutations
 + Level 0.0 Fire Magic
 + Level 0.0 Ice Magic
 + Level 0.0 Air Magic
 + Level 0.0 Earth Magic
 + Level 0.0 Poison Magic
 + Level 0.1 Invocations
 + Level 0.0 Evocations


You couldn't memorise any spells.
You didn't know any spells.
Your spell library was empty.

Dungeon Overview and Level Annotations

Branches:
Dungeon (6/15)
 Temple: D:4-7

Altars:
Wu Jian


Innate Abilities, Weirdness & Mutations

Your experience applies equally to all skills.
You have very sharp teeth.
Your uncanny sense of smell can sniff out nearby items.


Message History

You barely miss the bullfrog. Your bite misses the bullfrog.
The bullfrog hits you.
* * * LOW HITPOINT WARNING * * *
The bullfrog hits you but does no damage.
You hit the bullfrog.
The bullfrog is lightly wounded.
The bullfrog hits you.
* * * LOW HITPOINT WARNING * * *
The bullfrog hits you but does no damage.
You hit the bullfrog.
The bullfrog is poisoned.
The bullfrog is lightly wounded.
The bullfrog hits you.
* * * LOW HITPOINT WARNING * * *
The bullfrog barely misses you. The bullfrog barely misses you.
The bullfrog hits you but does no damage.
You slash the bullfrog!
The bullfrog is severely wounded.
The bullfrog hits you.
You die...

#...#######...##
......# #..... ##
#.#...# #...## #. ..#..
#...# #.#.####.....
#...# #....O.##.#.#
#...# ###.##.##.#.# ###
#...#
#.##.##.#.####.####.###
#....F@.......#...<.#..
##########..##.#......#
###$.##.#......#
#...............
#.#..#.###.#.#.#
#.#........#.#.#
#<#.##.#####.#..
#.#.##.# ###.###
#......# #.....#


You could see a bullfrog (poisoned).

Vanquished Creatures
  A leopard gecko (D:6)
  A leopard gecko skeleton (D:5)
2 creatures vanquished.

Notes
Turn   | Place    | Note
-------+----------+-------------------------------------------
     0 | D:5      | Reached skill level 9 in Stealth
     0 | D:5      | Riddle the Gnoll Delver began the quest for the Orb.
     0 | D:5      | Reached XP level 1. HP: 23/23 MP: 1/1
    93 | D:5      | Got a steaming hand axe
    94 | D:5      | Identified the +1 hand axe "Kedghemi" {venom, Str+2} (You
                  | found it on level 5 of the Dungeon)
   103 | D:5      | Noticed an ice beast
   127 | D:5      | Noticed an iguana
   146 | D:5      | Noticed an orc priest
   183 | D:5      | Found an ornate altar of the Wu Jian Council.
   297 | D:6      | Noticed an ogre
   341 | D:6      | Noticed a bullfrog
   356 | D:6      | Noticed a sky beast
   459 | D:6      | Slain by a bullfrog

Illustrated notes

Levels and vault maps discovered:
D:5:      layout_rooms, kennysheep_little_box, serial_bayou_lagoon_a
D:6:      layout_loops_cross, minmay_temple_entry_statues_pillars, serial_shops,
          shop

Skill      XL: | |
---------------+-+-----
Stealth        | |  9.5
Fighting       | |  6.4
Long Blades    | |  4.4
Dodging        | |  4.4
Invocations    | |  0.1

Action                   || total
-------------------------++-------
Melee: Hand axe          ||    10
       Falchion          ||     2
       Bite              ||     2
 Stab: Sleeping          ||     2
Armor: Plate armour      ||     9
Dodge: Dodged            ||     4
